 Dungeon Crawl Stone Soup version 0.29.1-2-gbd0b4ee654 (webtiles) character file.

Game seed: 16406162101617604037

391 qeuew the Slasher (level 6, -1/48 HPs)
             Began as a Demonspawn Chaos Knight on Nov 4, 2022.
             Was a Plaything of Xom.
             Slain by Duvessa
             ... wielding a +0 rapier
              (11 damage)
             ... on level 5 of the Dungeon.
             The game lasted 00:11:24 (3813 turns).

qeuew the Slasher (Demonspawn Chaos Knight)         Turns: 3813, Time: 00:11:25

Health: -1/48      AC: 11    Str:  7 (8)  XL:     6   Next: 50%
Magic:  6/6        EV:  8    Int: 15 (17) God:    Xom [.*....]
Gold:   181        SH:  5    Dex: 18 (19) Spells: 5/5 levels left

rFire   . . .      SeeInvis .   a - +0 falchion (chaos)
rCold   . . .      Faith    .   (no shield)
rNeg    . . .      Spirit   .   j - +0 chain mail
rPois   +          Reflect  +   (helmet restricted)
rElec   .          Harm     .   (no cloak)
rCorr   .          Rampage  .   s - +1 pair of gloves
Will    .....      Clarity  +   (no boots)
Stlth   ..........              t - amulet of reflection
HPRegen 0.16/turn               i - +4 ring of slaying
MPRegen 0.10/turn               n - ring of poison resistance

@: agile
A: horns 1, thin skeletal structure 1, powered by pain 1, spiny 1, agile 1,
clarity, clever 1, screaming 1, weak 1, MP-powered wands
a: Renounce Religion


You were on level 5 of the Dungeon.
You worshipped Xom.
You were a plaything of Xom.
You visited 1 branch of the dungeon, and saw 5 of its levels.

You collected 181 gold pieces.

Inventory:

Hand Weapons
 a - a +0 falchion of chaos (weapon)
Armour
 j - a +0 chain mail (worn)
 s - a +1 pair of gloves (worn)
Jewellery
 f - a ring of protection from cold
 h - a ring of resist corrosion
 i - a +4 ring of slaying (left hand)
 n - a ring of poison resistance (right hand)
 q - a ring of flight
 t - an amulet of reflection (around neck)
Wands
 p - a wand of mindburst (18)
Scrolls
 b - 2 scrolls of teleportation
 k - a scroll of poison
Potions
 d - 2 potions of brilliance
 e - a potion of might
 g - a potion of flight
Miscellaneous
 c - a piece from Xom's chessboard (15/15) (quivered)


   Skills:
 + Level 3.7 Fighting
 + Level 4.3 Long Blades
 * Level 4.2 Armour
 * Level 2.4 Dodging


You had 5 spell levels left.
You didn't know any spells.
Your spell library contained the following spells:

 Spells                   Type           Power      Damage    Failure   Level
 Ignite Poison            Fire/Tmut/Pois 0%         N/A       100%        3
 Inner Flame              Hex/Fire       0%         N/A       100%        3
 Mephitic Cloud           Conj/Pois/Air  0%         N/A       100%        3
 Cause Fear               Hex            0%         N/A       100%        4
 Freezing Cloud           Conj/Ice/Air   0%         6-21      100%        5
 Discord                  Hex            0%         N/A       100%        8


Dungeon Overview and Level Annotations

Branches:
Dungeon (5/15)
 Temple: D:4-7

Altars:
Qazlal
Ru
Uskayaw
Xom

Annotations:
D:5 Duvessa


Innate Abilities, Weirdness & Mutations

You have a pair of small horns on your head.
You have a somewhat thin skeletal structure. (Dex +2, Stealth+)
You sometimes gain a little power by taking damage.
You are partially covered in sharp spines.
You are agile. (Dex +4, Str/Int -1)
You possess an exceptional clarity of mind.
Your mind is acute. (Int +4, Str/Dex -1)
You occasionally shout uncontrollably at your foes.
You are weak. (Str -2)
You expend magic power (3 MP) to strengthen your wands.


Message History

The puff of frost hits you but does no damage.
A hound comes into view.
The hound barks!
Duvessa and an ogre come into view.
Duvessa shouts!
The ogre shouts!
You hit Dowan.
Dowan is poisoned.
You headbutt Dowan.
Dowan is moderately wounded.
Dowan casts a spell at you. The puff of frost hits you.
You hit Dowan. You burn Dowan.
Dowan is severely wounded.
You block the hound's attack.
Dowan casts a spell.
Dowan blinks!
You hit the hound.
The hound suddenly seems more agile.
The hound is lightly wounded.
The hound bites you but does no damage. x2
You hit the hound. You headbutt the hound.
The hound is moderately wounded.
The hound bites you but does no damage. You block Duvessa's attack.
You hit the hound. You burn the hound. Your headbutt misses the hound.
The hound is almost dead.
The hound bites you but does no damage. The hound is struck by your spines.
You kill the hound!
Duvessa hits you with a +0 rapier.
You hit Duvessa.
Space warps horribly around Duvessa!
Duvessa is heavily wounded.
Duvessa is struck by your spines. Duvessa hits you with a +0 rapier!
You focus on the pain.
You feel agile all of a sudden.
You barely miss Duvessa.
Duvessa is heavily wounded.
You kill Dowan!
Duvessa screams in rage.
Duvessa goes berserk!
The ogre is struck by your spines.
The ogre hits you with a +0 giant club!!
* * * LOW HITPOINT WARNING * * *
Duvessa hits you with a +0 rapier!
You die...
Xom chuckles heartily!

##..# ....# ### #....
.... ##.# ..... ...#
##..## #..... ...#
#...>## ...... ...##
##.....# #......
....###......## .).....
.##..##.......###O......
<###............@e......
## ##.........####......
# #..........# .....
#..........# ...#
...........# ...
#...........# #.
#...........#
#...........#


You could see Duvessa (berserk) and an ogre.

Vanquished Creatures
  2 phantoms (D:4)
  A scorpion (D:4)
  Dowan (D:5)
  A hound (D:5)
  Jessica (D:3)
  3 adders
  3 gnolls (D:4)
  2 worms (D:2)
  2 dart slugs
  7 endoplasms
  A giant cockroach (D:1)
  6 goblins
  5 hobgoblins
  4 jackals (D:2)
  3 kobolds
  4 quokkas
  4 ball pythons
  3 bats (D:2)
  6 frilled lizards
  3 rats
62 creatures vanquished.

Vanquished Creatures (collateral kills)
  An adder (D:2)
  An endoplasm (D:2)
  A kobold (D:2)
3 creatures vanquished.

Grand Total: 65 creatures vanquished

Notes
Turn   | Place    | Note
-------+----------+-------------------------------------------
     0 | D:1      | qeuew the Demonspawn Chaos Knight began the quest for the
                  | Orb.
     0 | D:1      | Reached XP level 1. HP: 18/18 MP: 1/1
   100 | D:1      | Reached skill level 1 in Dodging
   184 | D:1      | Found a faded altar of an unknown god.
   248 | D:1      | Gained mutation: You sometimes gain a little power by
                  | taking damage. [demonic ancestry]
   248 | D:1      | Reached XP level 2. HP: 21/24 MP: 2/2
   326 | D:1      | XOM: silly message
   488 | D:1      | XOM: cloud trail
   586 | D:1      | XOM: cloud trail
  1018 | D:1      | XOM: silly message
  1107 | D:1      | XOM: scenery: summon butterflies
  1136 | D:2      | Reached XP level 3. HP: 29/29 MP: 3/3
  1244 | D:2      | XOM: cloud trail
  1300 | D:2      | XOM: 2-stop teleportation journey
  1401 | D:2      | XOM: 1-stop teleportation journey
  1456 | D:2      | XOM: scenery: create altars
  1516 | D:2      | XOM: scenery: summon butterflies
  1592 | D:2      | XOM: give mutations
  1592 | D:2      | Gained mutation: You have a pair of small antennae on your
                  | head. [Xom's grace]
  1592 | D:2      | Gained mutation: Your spells are a little harder to cast,
                  | but a little more powerful. [Xom's grace]
  1715 | D:2      | XOM: give mutations
  1715 | D:2      | Gained mutation: You are agile. (Dex +4, Str/Int -1) [Xom's
                  | grace]
  1715 | D:2      | Gained mutation: You possess an exceptional clarity of
                  | mind. [Xom's grace]
  1715 | D:2      | Gained mutation: Your mind is acute. (Int +4, Str/Dex -1)
                  | [Xom's grace]
  1715 | D:2      | Gained mutation: Your flesh is heat resistant. (rF+) [Xom's
                  | grace]
  1740 | D:2      | XOM: scenery: summon butterflies
  1915 | D:3      | Gained mutation: You are partially covered in sharp spines.
                  | [demonic ancestry]
  1915 | D:3      | Reached XP level 4. HP: 15/35 MP: 4/4
  2166 | D:3      | XOM: 2-stop teleportation journey
  2502 | D:3      | Noticed Jessica
  2504 | D:3      | Killed Jessica
  2711 | D:3      | Identified a scroll of acquirement
  2711 | D:3      | Acquired a +4 ring of slaying
  2718 | D:3      | Lost mutation: Your flesh is heat resistant. (rF+) [potion
                  | of mutation]
  2718 | D:3      | Lost mutation: You have a pair of small antennae on your
                  | head. [potion of mutation]
  2718 | D:3      | Lost mutation: Your spells are a little harder to cast, but
                  | a little more powerful. [potion of mutation]
  2718 | D:3      | Gained mutation: You have very sharp teeth. [potion of
                  | mutation]
  2806 | D:4      | Noticed a phantom
  2809 | D:4      | Noticed a phantom
  2809 | D:4      | XOM: 4-stop teleportation journey
  2939 | D:4      | Gained mutation: You have a pair of small horns on your
                  | head. [demonic ancestry]
  2939 | D:4      | Reached XP level 5. HP: 26/41 MP: 5/5
  3107 | D:4      | XOM: scenery: summon butterflies
  3115 | D:4      | Killed a phantom
  3118 | D:4      | XOM: scenery: create altars
  3196 | D:4      | Found a stormy altar of Qazlal.
  3223 | D:4      | XOM: summons friendly shadow imp
  3226 | D:4      | Killed a phantom
  3227 | D:4      | Gained mutation: You have a somewhat thin skeletal
                  | structure. (Dex +2, Stealth+) [demonic ancestry]
  3227 | D:4      | Reached XP level 6. HP: 47/47 MP: 6/6
  3330 | D:4      | XOM: give mutations
  3330 | D:4      | Gained mutation: You expend magic power (3 MP) to
                  | strengthen your wands. [Xom's mischief]
  3330 | D:4      | Gained mutation: You occasionally shout uncontrollably at
                  | your foes. [Xom's mischief]
  3330 | D:4      | Gained mutation: You are weak. (Str -2) [Xom's mischief]
  3330 | D:4      | Lost mutation: You have very sharp teeth. [Xom's mischief]
  3361 | D:4      | Found a hide-covered altar of Uskayaw.
  3361 | D:4      | Found a sacrificial altar of Ru.
  3785 | D:5      | Entered Level 5 of the Dungeon
  3803 | D:5      | Noticed Dowan
  3806 | D:5      | Noticed Duvessa
  3813 | D:5      | Killed Dowan
  3813 | D:5      | Slain by Duvessa

Illustrated notes

Levels and vault maps discovered:
D:1:      psy_arrival_basics, layout_loops_ring,
          hellmonk_ecumenical_altar_run_dry
D:2:      layout_rooms
D:3:      layout_basic, kennysheep_jessica_study
D:4:      layout_loops_ring, mainiacjoe_overflow_large_starburst,
          grunt_qazlal_clouds, moated_statue
D:5:      layout_cave_pods, vehumet_altar_wand_db, grunt_decor_clamped,
          minmay_liquid_box, uniq_duvessa

Skill      XL: |  1  2  3  4  5  6 |
---------------+-------------------+-----
Dodging        | 1 2 |  2.4
Armour         | 2 3 4 |  4.2
Long Blades    | 3 4 |  4.3
Fighting       | |  3.7

Action                   |  1- 3 |  4- 6 || total
-------------------------+-------+-------++-------
Melee: Falchion          |    98 |    55 ||   153
       Punch             |     1 |       ||     1
       Headbutt          |       |     7 ||     7
       Bite              |       |     2 ||     2
  Use: Scroll            |       |     8 ||     8
       Potion            |       |     6 ||     6
 Stab: Confused          |     2 |       ||     2
Armor: Leather armour    |    13 |       ||    13
       Chain mail        |    67 |    32 ||    99
Dodge: Dodged            |    65 |     9 ||    74
Block: Other             |       |     2 ||     2
